 Dungeon Crawl Stone Soup version 0.32-a0-909-gc671339a80 (webtiles) character file.

Game seed: 2002958436596291964

78 mn3067 the Magician (level 4, -1/31 HPs)
             Began as a Djinni Air Elementalist on Apr 7, 2024.
             Slain by an elf zombie (4 damage)
             ... in an ossuary.
             The game lasted 00:02:35 (1181 turns).

mn3067 the Magician (Djinni Air Elementalist)       Turns: 1181, Time: 00:02:35

Health: -1/31      AC:  2    Str:  7    XL:     4   Next: 61%
Gold:   111        EV: 11    Int: 19    God:
                   SH:  0    Dex: 13

rFire   + + .        (no weapon)
rCold   x . .        (no shield)
rNeg    . . .        a - +0 robe
rPois   ∞            (no helmet)
rElec   .            (no cloak)
rCorr   .            (no gloves)
SInv    .            (boots unavailable)
Will    .....        (no amulet)
Stlth   ++           (no ring)
HPRegen 0.25/turn    (no ring)

%: infuse magic (-2 HP)
@: flying
A: sickness immunity, fire resistance 2, cold vulnerability 1, float, innate
caster, HP casting, extra vitality 1
a: no special abilities


You were in an ossuary.
You visited 1 branch of the dungeon, and saw 3 of its levels.
You also visited: Ossuary.

You collected 111 gold pieces.

Inventory:

Armour
 a - a +0 robe (worn)
Scrolls
 c - a scroll of identify {unknown}
 e - a scroll of vulnerability {unknown}
 f - a scroll of teleportation {unknown}
 g - 2 scrolls of poison {unknown}
 j - a scroll of acquirement {unknown}
 m - a scroll of enchant weapon {unknown}
 n - a scroll of silence {unknown}
Potions
 b - a potion of invisibility {unknown}
 d - a potion of attraction {unknown}
 h - a potion of might {unknown}
 i - a potion of heal wounds {unknown}
 k - 2 potions of berserk rage {unknown}
 l - a potion of resistance {unknown}


   Skills:
 - Level 2.1 Dodging
 - Level 1.5 Stealth
 + Level 4.4 Spellcasting
 + Level 4.4 Conjurations
 + Level 4.4 Hexes
   Level 0.0 Charms
 + Level 4.4 Summonings
 + Level 4.4 Necromancy
 + Level 4.4 Translocations
   Level 0.0 Transmutations
 + Level 4.4 Fire Magic
 + Level 4.4 Ice Magic
 + Level 4.4 Air Magic
 + Level 4.4 Earth Magic
 + Level 4.4 Alchemy


You knew the following spells:

 Your Spells              Type           Power      Damage    Failure   Level
a - Shock                 Conj/Air       84%        1d8       2%          1
b - Static Discharge      Conj/Air       42%        3-5/arc   3%          2
c - Swiftness             Air            21%        N/A       6%          3
d - Airstrike             Air            10%        2d(2-18)  22%         4
e - Kiss of Death         Conj/Necr      84%        2d11      2%          1
Your spell library was empty.

Dungeon Overview and Level Annotations

Branches:
Dungeon (4/15)            Ossuary (1/1)
 Temple: D:4-7

Altars:


Innate Abilities, Weirdness & Mutations

You are immune to sickness and miasma.
You are immune to poison.
Your flesh is very heat resistant. (rF++)
You are vulnerable to cold. (rC-)
You float through the air rather than walking.
You learn spells naturally, not from books.
Your magical power is your life essence.
You have superior vitality. (+4 MHP)


Message History

An elf zombie is nearby!
An elf zombie is nearby!
An elf zombie is nearby!
The zap hits the elf zombie.
The elf zombie is lightly damaged.
Casting: Shock (safe; 2% risk of failure)
Confirm with . or Enter, or press ? or * to list all spells.
The elf zombie is struck by an arc of lightning.
The elf zombie is lightly damaged.
You are struck by an arc of lightning.
The elf zombie is struck by an arc of lightning.
The elf zombie is lightly damaged.
You are struck by an arc of lightning.
The lightning grounds out.
The elf zombie hits you but does no damage.
Casting: Static Discharge (safe; 3% risk of failure)
Confirm with . or Enter, or press ? or * to list all spells.
The elf zombie is struck by an arc of lightning!
The elf zombie is moderately damaged.
You are struck by an arc of lightning.
The lightning grounds out.
The elf zombie hits you.
Casting: Static Discharge (safe; 3% risk of failure)
Confirm with . or Enter, or press ? or * to list all spells.
The elf zombie is struck by an arc of lightning.
The elf zombie is moderately damaged.
You are struck by an arc of lightning.
The elf zombie is struck by an arc of lightning.
The elf zombie is moderately damaged.
You are struck by an arc of lightning.
The lightning grounds out.
Casting: Static Discharge (safe; 3% risk of failure)
Confirm with . or Enter, or press ? or * to list all spells.
The elf zombie is struck by an arc of lightning.
The elf zombie is heavily damaged.
You are struck by an arc of lightning.
The elf zombie is struck by an arc of lightning.
The elf zombie is heavily damaged.
The lightning grounds out.
The elf zombie hits you!
* * * LOW HITPOINT WARNING * * *
The elf zombie attacks as it pursues you!
The elf zombie hits you.
You die...

####...# #..Z...#
......# .....#
### ....#
#...###+...#
#......+#..#
#Z.#..# #@'#..#
###'...#
..########......#
................#
....∩..∩........#
#################


You could see an elf zombie.

Vanquished Creatures
  A hound zombie (Ossuary)
  An adder (D:4)
  3 adder zombies (Ossuary)
  3 bats (D:1)
  8 endoplasms
  A giant cockroach (D:1)
  2 goblins (D:1)
  4 hobgoblins (D:1)
  3 jackals (D:1)
  A quokka (D:2)
  A ball python (D:1)
  2 ball python zombies (Ossuary)
  3 frilled lizards
  5 jackal zombies (Ossuary)
  3 kobolds
  2 kobold zombies (Ossuary)
  2 rats (D:1)
45 creatures vanquished.

Notes
Turn   | Place    | Note
-------+----------+-------------------------------------------
     0 | D:1      | mn3067 the Djinni Air Elementalist began the quest for the
                  | Orb.
     0 | D:1      | mn3067 set off with the following spells memorised: Shock,
                  | Static Discharge, Swiftness, Airstrike.
     0 | D:1      | Reached XP level 1. HP: 15/15 MP: 0/0
   105 | D:1      | Reached XP level 2. HP: 21/21 MP: 0/0
   375 | D:1      | Reached XP level 3. HP: 14/25 MP: 0/0
   375 | D:1      | Learned a level 1 spell: Kiss of Death
   533 | D:1      | Found a faded altar of an unknown god.
   803 | D:2      | You are sucked into a shaft and drop 2 floors!
   884 | D:4      | Found a sand-covered staircase.
   888 | Ossuary  | Entered an ossuary
   904 | Ossuary  | Reached XP level 4. HP: 26/31 MP: 0/0
  1181 | Ossuary  | Slain by an elf zombie

Illustrated notes

Levels and vault maps discovered:
D:1:      dpeg_arrival_rhombus, layout_rooms,
          hellmonk_ecumenical_altar_dog_temple, hangedman_feature_mirror,
          minmay_misc_feat_hallway, minmay_pentomino_t4
D:2:      layout_basic, corexii_shack, minmay_shallow_snake_nest
D:4:      nicolae_BIG_FREAKIN_CUBE, layout_basic, enter_ossuary_5, serial_glass,
          glass_columns_b, glass_columns_a
Ossuary:  minmay_ossuary_two_tombs

Skill      XL: |  1  2  3 |
---------------+----------+-----
Spellcasting   | 4 |  4.4
Conjurations   | 4 |  4.4
Hexes          | 4 |  4.4
Summonings     | 4 |  4.4
Necromancy     | 4 |  4.4
Translocations | 4 |  4.4
Fire Magic     | 4 |  4.4
Ice Magic      | 4 |  4.4
Air Magic      | 4 |  4.4
Earth Magic    | 4 |  4.4
Alchemy        | 4 |  4.4
Dodging        | |  2.1
Stealth        | |  1.5

Action                     |  1- 3 |  4- 6 || total
---------------------------+-------+-------++-------
   Cast: Shock             |    58 |    20 ||    78
         Static Discharge  |     2 |    14 ||    16
 Armour: Robe              |     5 |    22 ||    27
  Dodge: Dodged            |     5 |     3 ||     8

Table legend: (Time is in decaauts)
 A = Elapsed time spent in this place.
 B = Non-inter-level travel time spent in this place.
 C = Inter-level travel time spent in this place.
 D = Time resting spent in this place.
 E = Time spent auto-exploring this place.
 F = Levels seen in this place.
 G = Mean time per level.
                   A        B        C        D        E       F      G
               +--------+--------+--------+--------+--------+-----+--------+
         Total |   1180 |   1147 |     33 |      0 |    969 |   4 |  295.0 |
       Dungeon |    887 |    854 |     33 |      0 |    741 |   3 |  295.7 |
       Ossuary |    292 |    292 |      0 |      0 |    228 |   1 |  292.0 |
               +--------+--------+--------+--------+--------+-----+--------+

Top non-repeatable levels by time:
     D:1: 658 daAuts
 Ossuary: 292 daAuts
     D:2: 144 daAuts
     D:4: 84 daAuts
